Map: Triton LE

Players

HeroMarine

  • Race: Terran Terran
  • Spawn Location: 11:00

Patience - Winner!

  • Race: Protoss Protoss
  • Spawn Location: 5:00

Event: IEM Katowice 2020

VOD

Have the link to the VOD?

Description

Time

  • Played on: Feb. 24, 2020, 6:21 a.m.
  • Length: 10:43

All games in this series

Show
View Real Time Build Order
Export as new Build Order

HeroMarine Terran 

Build Orders: Gas First Reaper Expand 

Get SALT Encoding   

  12  0:00  SCV  
  13  0:12  SCV  
  14  0:17  Supply Depot  
  14  0:25  SCV  
  14  0:28  Refinery  
  15  0:38  SCV  
  16  0:44  Barracks  
  16  0:50  SCV  
  17  1:02  SCV  
  18  1:14  SCV  
  19  1:31  Reaper, Orbital Command  
  20  1:42  Command Center  
  20  1:54  Factory  
  20  1:56  SCV  
  21  2:06  Barracks Reactor  
  21  2:09  SCV  
  21  2:13  Supply Depot  
  22  2:16  Refinery  
  22  2:21  SCV  
  23  2:34  SCV  
  24  2:37  Hellion  
  26  2:44  Marine x2  
  26  2:47  SCV, Starport  
  29  2:55  Orbital Command  
  29  2:59  SCV  
  29  3:04  Marine  
  29  3:05  Marine  
  32  3:08  Factory Tech Lab  
  32  3:11  SCV  
  33  3:22  SCV, Marine  
  33  3:23  SCV, Marine  
  37  3:29  Supply Depot  
  37  3:34  SCV  
  38  3:35  SCV  
  38  3:38  Viking  
  41  3:43  Marine x2, Factory Tech Lab  
  41  3:46  SCV  
  41  3:47  SCV  
  44  3:58  SCV  
  44  3:59  SCV  
  44  4:00  Supply Depot  
  44  4:02  Cyclone  
  49  4:09  Raven  
  49  4:10  SCV  
  49  4:11  SCV  
  49  4:12  Marine  
  49  4:16  Supply Depot  
  54  4:22  SCV  
  54  4:23  SCV  
  57  4:34  SCV  
  57  4:35  SCV  
  57  4:36  Siege Tank  
  57  4:38  Command Center, Marine  
  60  4:39  Marine  
  60  4:45  Supply Depot  
  62  4:46  SCV  
  62  4:48  SCV  
  64  4:56  Marine x2  
  64  4:58  SCV  
  67  5:00  SCV  
  67  5:02  Barracks  
  67  5:05  Barracks  
  68  5:08  Engineering Bay  
  68  5:10  SCV  
  68  5:12  SCV  
  68  5:14  Marine, Siege Tank  
  73  5:15  Marine  
  73  5:16  Refinery  
  75  5:23  SCV  
  75  5:24  SCV  
  75  5:27  Supply Depot  
  75  5:28  Refinery  
  77  5:35  SCV  
  78  5:42  Terran Infantry Weapons Level 1  
  78  5:44  Barracks  
  78  5:47  Barracks  
  78  5:48  Marine x2  
  78  5:49  SCV x2  
  82  5:53  Orbital Command  
  82  5:56  Barracks Tech Lab  
  82  5:58  Stimpack  
  82  5:59  Marauder  
  82  6:00  Starport Reactor  
  82  6:01  SCV x2  
  83  6:05  Combat Shield, Factory Reactor  
  83  6:09  Marine x2  
  83  6:10  Marauder  
  87  6:13  SCV x2  
  86  6:20  Marine  
  86  6:25  SCV x2  
  88  6:26  Marine  
  88  6:28  Marine  
  88  6:31  Marauder  
  92  6:36  Missile Turret  
  92  6:37  SCV x2, Barracks Tech Lab  
  92  6:38  Medivac x2, Marauder  
  100  6:42  Supply Depot  
  100  6:44  Marine  
  100  6:45  Supply Depot  
  100  6:46  Marine  
  102  6:47  Orbital Command  
  102  6:49  SCV x2  
  102  6:50  Factory Reactor  
  103  6:54  Marauder  
  103  6:59  Marine  
  103  7:00  Marauder  
  107  7:01  SCV x2  
  106  7:12  Marine x2  
  106  7:13  SCV x2  
  112  7:15  Marauder  
  112  7:16  SCV  
  112  7:17  Marauder  
  112  7:20  Supply Depot  
  112  7:21  Marauder  
  112  7:22  Supply Depot  
  117  7:24  Medivac  
  117  7:25  Medivac  
  117  7:26  SCV x2  
  117  7:28  SCV  
  117  7:29  Marine  
  125  7:34  Missile Turret  
  125  7:35  Supply Depot  
  125  7:38  SCV, Marauder, Marine  
  125  7:40  Refinery, Marauder  
  125  7:41  Refinery  
  125  7:42  Marine x2  
  131  7:45  Concussive Shells  
  131  7:46  SCV x2, Marauder  
  131  7:50  SCV  
  121  7:58  SCV  
  121  8:00  Marine x2  
  121  8:02  Marauder  
  121  8:04  Orbital Command  
  121  8:05  Marine  
  119  8:08  Marine  
  119  8:09  Marine  
  119  8:11  Widow Mine x2  
  118  8:15  Medivac x2  
  118  8:19  Marauder  
  120  8:22  Marine x2  
  120  8:23  Marauder  
  114  8:30  Marauder, Marine  
  114  8:31  Marine  
  116  8:35  Widow Mine  
  116  8:38  Widow Mine  
  116  8:41  Marauder  
  122  8:45  Marauder, Liberator x2  
  122  8:46  Marine  
  131  8:51  Marauder  
  131  8:52  Marine  
  134  9:00  Widow Mine x2  
  134  9:02  Marauder  
  140  9:05  Marine  
  140  9:06  Marauder, Marine x2  
  145  9:11  Supply Depot, Marine  
  145  9:13  Marauder  
  148  9:23  Marine x2  
  146  9:27  Marauder, Liberator  
  146  9:29  Liberator  
  154  9:33  Marine x2  
  154  9:34  Marauder, Marine  
  159  9:41  Marauder, Marine  
  162  9:48  Missile Turret, Marine  
  162  9:51  Marine x2  
  165  10:05  Marine x3  
  164  10:09  Marauder  
  164  10:12  Supply Depot  
  164  10:13  Supply Depot, Marauder, Marine  
  173  10:21  Marine  
  173  10:24  Marine x2  
Show
View Real Time Build Order
Export as new Build Order

Patience Protoss - Winner!

Build Orders: 1 Gate Expand, Oracle Opening, Phoenix Opening 

Get SALT Encoding   

  12  0:00  Probe  
  13  0:13  Probe  
  14  0:17  Pylon  
  14  0:25  Probe (Chrono Boost)  
  15  0:37  Probe (Chrono Boost), Gateway  
  15  0:42  Probe (Chrono Boost)  
  16  0:46  Assimilator  
  17  0:53  Probe  
  18  1:05  Probe  
  19  1:17  Probe  
  20  1:23  Nexus  
  20  1:33  Cybernetics Core  
  20  1:36  Probe  
  21  1:43  Assimilator  
  21  1:49  Probe  
  21  1:51  Pylon  
  22  2:01  Probe  
  23  2:07  Adept (Chrono Boost)  
  23  2:12  Stargate  
  23  2:14  Probe  
  26  2:21  Warp Gate  
  26  2:26  Probe  
  27  2:30  Adept  
  27  2:36  Probe  
  30  2:38  Probe  
  31  2:48  Probe  
  32  2:51  Probe (Chrono Boost)  
  32  2:54  Oracle (Chrono Boost)  
  35  3:00  Probe (Chrono Boost)  
  37  3:09  Probe (Chrono Boost)  
  37  3:10  Probe (Chrono Boost)  
  38  3:13  Pylon  
  38  3:15  Probe (Chrono Boost)  
  38  3:19  Probe (Chrono Boost)  
  40  3:25  Phoenix  
  40  3:26  Probe (Chrono Boost)  
  43  3:30  Probe (Chrono Boost)  
  43  3:31  Probe (Chrono Boost)  
  45  3:35  Twilight Council  
  45  3:39  Probe  
  44  3:43  Probe  
  44  3:47  Gateway  
  44  3:48  Gateway  
  45  3:51  Probe  
  46  3:58  Oracle (Chrono Boost)  
  46  4:00  Assimilator  
  49  4:02  Forge  
  49  4:04  Probe x2  
  51  4:13  Pylon  
  51  4:17  Pylon  
  51  4:18  Blink (Chrono Boost)  
  51  4:19  Probe  
  51  4:20  Probe  
  53  4:34  Nexus  
  53  4:36  Probe x2  
  53  4:37  Protoss Ground Weapons Level 1 (Chrono Boost)  
  52  4:55  Stalker x2  
  52  4:56  Stalker  
  52  4:57  Probe  
  52  4:59  Probe  
  60  5:07  Pylon  
  60  5:18  Gateway  
  60  5:19  Stalker, Gateway  
  60  5:20  Stalker x2  
  66  5:22  Gateway  
  66  5:25  Probe x2  
  68  5:40  Pylon, Gateway x2  
  68  5:49  Stalker x2  
  72  5:54  Stalker, Charge (Chrono Boost)  
  72  5:56  Shield Battery  
  74  5:57  Probe x2  
  76  6:24  Sentry x3  
  80  6:27  Probe x3  
  80  6:30  Pylon  
  83  6:33  Zealot x3  
  83  6:35  Pylon, Protoss Ground Armor Level 1 (Chrono Boost)  
  83  6:36  Pylon  
  83  6:39  Probe  
  90  6:40  Zealot x2  
  94  6:53  Zealot x6  
  106  6:57  Probe, Pylon  
  106  6:58  Probe x2  
  109  7:11  Zealot x2  
  109  7:15  Robotics Facility  
  111  7:18  Zealot x6  
  123  7:26  Forge  
  123  7:30  Nexus  
  122  7:37  Stalker x2  
  122  7:41  Zealot x3  
  121  8:08  Zealot x8  
  121  8:09  Protoss Ground Weapons Level 2 (Chrono Boost)  
  131  8:17  Probe x2  
  131  8:19  Probe  
  132  8:21  Protoss Ground Armor Level 2 (Chrono Boost)  
  132  8:26  Pylon  
  130  8:27  Pylon  
  130  8:29  Probe  
  131  8:37  Assimilator  
  131  8:38  Pylon  
  131  8:39  Warp Prism  
  131  8:41  Pylon  
  133  8:45  Zealot x7  
  133  8:47  Zealot  
  147  9:16  Stalker x8  
  163  9:18  Immortal (Chrono Boost)  
  165  9:35  Pylon  
  165  9:37  Pylon  
  163  9:41  Zealot x7  
  163  9:42  Zealot  
  179  9:52  Immortal (Chrono Boost)  
  179  10:07  Zealot x7  
  183  10:14  Zealot  
  123  10:37  Zealot x5  
  123  10:38  Zealot x3  

Tags
 
Add a new tag
Caveats
  • Supply blocks, unpowered buildings, or Contaminate may cause inaccurate times.
  • Supply counts are checked every 10 seconds.